 Dungeon Crawl Stone Soup version 0.18.1-48-g4cf74bf (webtiles) character file.

60 Inkary the Covered (level 3, -5/33 HPs)
             Began as a Minotaur Fighter on Aug 30, 2016.
             Killed from afar by dvd's ghost (8 damage)
             ... with a flame tongue
             ... on level 3 of the Dungeon.
             The game lasted 00:03:27 (1389 turns).

Inkary the Covered (Minotaur Fighter)               Turns: 1389, Time: 00:03:27

Health: -5/33      AC:  9    Str: 20    XL:     3   Next: 82%
Magic:  11/11      EV:  2    Int:  5    God:
Gold:   111        SH:  9    Dex: 10    Spells: 0 memorised, 2 levels left

rFire  . . .     SeeInvis .     m - -3 mace (curse)
rCold  . . .     Gourm    .     b - +0 scale mail
rNeg   . . .     Faith    .     c - +0 shield
rPois  .         Spirit   .     (helmet restricted)
rElec  .         Dismiss  .     l - +0 cloak
rCorr  .         Reflect  .     (no gloves)
SustAt .         Harm     .     g - +0 pair of boots
MR     .....                    (no amulet)
Stlth  ..........               (no ring)
                                j - ring of magical power

@: not resistant to hostile enchantments, extremely unstealthy
A: retaliatory headbutt, horns 2
a: no special abilities


You were on level 3 of the Dungeon.
You were not hungry.

You visited 1 branch of the dungeon, and saw 3 of its levels.

You collected 111 gold pieces.

Inventory:

Hand Weapons
 a - a +0 flail
 m - a cursed -3 mace (weapon)
Armour
 b - a +0 scale mail (worn)
 c - a +0 shield (worn)
 g - a +0 pair of boots (worn)
 l - a +0 cloak (worn)
Jewellery
 j - a ring of magical power (left hand)
Scrolls
 e - a scroll of enchant weapon {unknown}
 q - a scroll of recharging {unknown}
 r - a scroll of identify {unknown}
Potions
 d - 2 potions of might
 h - a potion of curing {unknown}
 i - a potion of flight {unknown}
 k - a potion of agility {unknown}
 p - a potion of lignification {unknown}
 t - a potion of heal wounds {unknown}
Comestibles
 f - 2 bread rations
 n - 6 fruits
 o - 3 meat rations
 s - a chunk of flesh
 u - a beef jerky


   Skills:
 + Level 4.3 Fighting
 * Level 3.2 Maces & Flails
 + Level 4.3 Armour
 + Level 4.1 Shields


You had 2 spell levels left.
You didn't know any spells.

Dungeon Overview and Level Annotations

Branches:
Dungeon (3/15)

Altars:
Vehumet

Annotations:
D:3 dvd's ghost, amateur DEFE


Innate Abilities, Weirdness & Mutations

You reflexively headbutt those who attack you in melee.
You have a pair of horns on your head.


Message History

You closely miss dvd's ghost. You headbutt dvd's ghost.
Dvd's ghost is lightly damaged.
Dvd's ghost points at you and mumbles some strange words.
The flame tongue hits you!
Dvd's ghost hits you but does no damage.
The kobold hits you but does no damage.
You hit dvd's ghost.
Dvd's ghost is moderately damaged.
Dvd's ghost hits you. Dvd's ghost freezes you. You block the kobold's attack.
A kobold comes into view. It is wielding a short sword.
Dvd's ghost gestures at you while chanting.
The puff of flame hits you!
* * * LOW HITPOINT WARNING * * *
The kobold throws a stone.
The stone closely misses you.
The kobold throws a stone.
The stone hits you but does no damage.
There is a stone staircase leading up here.
You see here a stone.
Dvd's ghost points at you and mumbles some strange words.
The flame tongue hits you!
You die...

..........# #.....
..........#### #.....
#....>.......####.....
#......## #....#.....
######K.######.......
#.........##..###.
#W.....)..........
#.........#####..#
#@........# ##..
####.(##### ##. ##.#
##. #.# ######.. #.#
##....#.#
#.####.......#
..........).##
..........รท...
.......#####.[


You could see dvd's ghost and a kobold.

Vanquished Creatures
  An adder (D:3)
  A worm (D:2)
  2 dart slugs (D:1)
  6 bats
  3 giant cockroaches
  5 hobgoblins
  6 jackals
  A quokka (D:3)
  2 giant newts
  7 goblins
  3 kobolds
  5 rats
42 creatures vanquished.

Notes
Turn   | Place    | Note
--------------------------------------------------------------
     0 | D:1      | Inkary the Minotaur Fighter began the quest for the Orb.
     0 | D:1      | Reached XP level 1. HP: 19/19 MP: 0/0
   105 | D:1      | Reached XP level 2. HP: 24/27 MP: 1/1
   625 | D:2      | Reached XP level 3. HP: 33/33 MP: 2/2
   914 | D:2      | Found a radiant altar of Vehumet.
  1375 | D:3      | Noticed dvd's ghost (amateur DEFE)
  1389 | D:3      | Killed from afar by dvd's ghost

Skill      XL: |  1  2  3 |
---------------+----------+-----
Maces & Flails | 3 |  3.2
Fighting       | 4 |  4.3
Armour         | 4 |  4.3
Shields        | 4 |  4.1

Action                   || total
-------------------------++-------
Melee: Flail             ||    40
       Headbutt          ||    18
       Mace              ||    75
  Use: Scroll            ||     2
  Eat: Chunk             ||     2
Armor: Scale mail        ||    61
Dodge: Dodged            ||    33
Block: Shield            ||    47
